 Dungeon Crawl Stone Soup version 0.29-a0-559-g359e09b9d1 (webtiles) character file.

Game seed: 7649455637988780579

198 DocClef the Covert (level 5, 0/47 HPs)
             Began as a Gnoll Delver on June 9, 2022.
             Succumbed to a water moccasin's poison
             ... on level 5 of the Dungeon.
             The game lasted 00:00:41 (468 turns).

DocClef the Covert (Gnoll Delver)                    Turns: 468, Time: 00:00:42

Health: 0/47       AC:  4    Str: 12    XL:     5   Next: 76%
Magic:  7/7        EV: 13    Int:  9    God:
Gold:   14         SH:  0    Dex: 15    Spells: 7/7 levels left

rFire   . . .      SeeInvis .   h - +1 short sword (venom)
rCold   . . .      Faith    .   (no shield)
rNeg    . . .      Spirit   .   b - +1 leather armour
rPois   .          Reflect  .   (no helmet)
rElec   .          Harm     .   (no cloak)
rCorr   .          Rampage  .   (no gloves)
Will    .....                   (no boots)
Stlth   ++++......              (no amulet)
HPRegen 0.15/turn               (no ring)
MPRegen 0.10/turn               (no ring)

@: lethally poisoned (0 -> -17)
A: fangs 1, strong nose, distributed training
a: no special abilities


You were on level 5 of the Dungeon.
You visited 1 branch of the dungeon, and saw 1 of its levels.
You also visited: Sewer.

You collected 14 gold pieces.

Inventory:

Hand Weapons
 a - a +0 short sword
 h - a +1 short sword of venom (weapon)
Missiles
 i - a throwing net (quivered)
 k - 8 poisoned darts
Armour
 b - a +1 leather armour (worn)
Jewellery
 j - a ring of fire
Wands
 g - a wand of digging (3)
Scrolls
 c - a scroll of fog
 d - a scroll of blinking {unknown}
 e - a scroll of fear
Potions
 f - a potion of haste


   Skills:
 + Level 6.7 Fighting
 + Level 4.8 Short Blades
 + Level 1.6 Long Blades
 + Level 1.6 Axes
 + Level 1.6 Maces & Flails
 + Level 1.6 Polearms
 + Level 1.6 Staves
 + Level 1.6 Slings
 + Level 1.6 Bows
 + Level 1.6 Crossbows
 + Level 1.6 Throwing
 + Level 1.6 Armour
 + Level 4.8 Dodging
 + Level 9.7 Stealth
 + Level 1.6 Shields
 + Level 1.6 Unarmed Combat
 + Level 1.6 Spellcasting
 + Level 1.3 Conjurations
 + Level 1.3 Hexes
 + Level 1.3 Summonings
 + Level 1.3 Necromancy
 + Level 1.3 Translocations
 + Level 1.3 Transmutations
 + Level 1.3 Fire Magic
 + Level 1.3 Ice Magic
 + Level 1.3 Air Magic
 + Level 1.3 Earth Magic
 + Level 1.3 Poison Magic
 + Level 1.8 Invocations
 + Level 1.6 Evocations


You had 7 spell levels left.
You didn't know any spells.
Your spell library contained the following spells:

 Spells                   Type           Power      Damage    Failure   Level
 Portal Projectile        Hex/Tloc       6%         N/A       61%         3
 Tukima's Dance           Hex            3%         N/A       61%         3
 Blade Hands              Tmut           1%         N/A       100%        5


Dungeon Overview and Level Annotations

Branches:
Dungeon (5/15)              Sewer (visited)
 Temple: D:4-7

Altars:


Innate Abilities, Weirdness & Mutations

You have very sharp teeth.
Your uncanny sense of smell can sniff out nearby items.
Your experience applies equally to all skills.


Message History

The water moccasin poisons you!
The white imp grins evilly.
The white imp barely misses you.
You hit the water moccasin but do no damage.
The water moccasin is poisoned.
You feel very sick. The water moccasin bites you.
You are more poisoned.
The water moccasin poisons you! The white imp gestures at you.
The puff of frost hits you.
The water moccasin bites you but does no damage.
The water moccasin attacks as you move away!
The water moccasin bites you but does no damage.
You feel very sick.
You feel very sick.
You hit the water moccasin.
The water moccasin is moderately wounded.
You feel sick. The water moccasin barely misses you.
You closely miss the water moccasin.
The water moccasin is moderately wounded.
You feel sick.
The water moccasin looks more healthy.
The water moccasin bites you. The water moccasin barely misses you.
You barely miss the water moccasin.
The water moccasin is moderately wounded.
You feel sick. The water moccasin bites you.
You are lethally poisoned!
The water moccasin poisons you!
You closely miss the water moccasin.
The water moccasin is moderately wounded.
* * * LOW HITPOINT WARNING * * *
You feel very sick. The water moccasin bites you.
* * * LOW HITPOINT WARNING * * *
Unknown command.
* * * LOW HITPOINT WARNING * * *
You feel very sick.
The water moccasin attacks as you move away!
The water moccasin barely misses you.
You die...

,,,*,,,,,...............# *,*
,,,*,,,,,...............#***,*
,,,*,,,,,................,,,,*
,,,*,,,,,...............#*****
****,,,,,.......5.......#
,,,,,,*,*#######.########
,,,,,**,*.......S.......#
,,,,,,,>*...............#
,,,*,**,*.......@.$.....#
,,,,,,,,*...............#
,,,*,**,*...####.########
****,,*,*......#.#####
,,,,*,*,*............###
,,,,*,,,*..............#
,,,,*#..*....#.#.....#.#
,,,,*#..*###.#...#####.#
,,,,**..* #............#


You could see a water moccasin and a white imp.

Vanquished Creatures
  Pargi (Sewer)
  A kobold brigand (Sewer)
  An iguana (D:5)
  3 giant cockroaches
  2 quokkas (D:5)
  A frilled lizard (Sewer)
  A kobold (Sewer)
10 creatures vanquished.

Notes
Turn   | Place    | Note
-------+----------+-------------------------------------------
     0 | D:5      | Reached skill level 9 in Stealth
     0 | D:5      | DocClef the Gnoll Delver began the quest for the Orb.
     0 | D:5      | Reached XP level 1. HP: 23/23 MP: 1/1
     8 | D:5      | Noticed an iguana
    10 | D:5      | Found a glowing drain.
    24 | D:5      | Killed an iguana
    25 | D:5      | Reached XP level 2. HP: 18/29 MP: 2/2
    25 | D:5      | Reached XP level 3. HP: 22/35 MP: 3/3
    61 | Sewer    | Entered a sewer
   272 | Sewer    | Noticed Pargi
   274 | Sewer    | Killed Pargi
   275 | Sewer    | Reached skill level 1 in Long Blades
   275 | Sewer    | Reached skill level 1 in Axes
   275 | Sewer    | Reached skill level 1 in Maces & Flails
   275 | Sewer    | Reached skill level 1 in Polearms
   275 | Sewer    | Reached skill level 1 in Staves
   275 | Sewer    | Reached skill level 1 in Slings
   275 | Sewer    | Reached skill level 1 in Bows
   275 | Sewer    | Reached skill level 1 in Crossbows
   275 | Sewer    | Reached skill level 1 in Throwing
   275 | Sewer    | Reached skill level 1 in Armour
   275 | Sewer    | Reached skill level 1 in Shields
   275 | Sewer    | Reached skill level 1 in Unarmed Combat
   275 | Sewer    | Reached skill level 1 in Spellcasting
   275 | Sewer    | Reached skill level 1 in Conjurations
   275 | Sewer    | Reached skill level 1 in Hexes
   275 | Sewer    | Reached skill level 1 in Summonings
   275 | Sewer    | Reached skill level 1 in Necromancy
   275 | Sewer    | Reached skill level 1 in Translocations
   275 | Sewer    | Reached skill level 1 in Transmutations
   275 | Sewer    | Reached skill level 1 in Fire Magic
   275 | Sewer    | Reached skill level 1 in Ice Magic
   275 | Sewer    | Reached skill level 1 in Air Magic
   275 | Sewer    | Reached skill level 1 in Earth Magic
   275 | Sewer    | Reached skill level 1 in Poison Magic
   275 | Sewer    | Reached skill level 1 in Invocations
   275 | Sewer    | Reached skill level 1 in Evocations
   275 | Sewer    | Reached XP level 4. HP: 41/41 MP: 4/6
   275 | Sewer    | Reached XP level 5. HP: 47/47 MP: 4/7
   403 | Sewer    | Noticed a kobold brigand
   405 | Sewer    | Killed a kobold brigand
   457 | D:5      | Noticed a water moccasin
   468 | D:5      | Succumbed to a water moccasin's poison

Illustrated notes

Levels and vault maps discovered:
D:5:      layout_basic, portal_sewer_entry_f

Skill      XL: |  1  2  3 |
---------------+----------+-----
Stealth        | |  9.7
Long Blades    | 1 |  1.6
Axes           | 1 |  1.6
Maces & Flails | 1 |  1.6
Polearms       | 1 |  1.6
Staves         | 1 |  1.6
Slings         | 1 |  1.6
Bows           | 1 |  1.6
Crossbows      | 1 |  1.6
Throwing       | 1 |  1.6
Armour         | 1 |  1.6
Shields        | 1 |  1.6
Unarmed Combat | 1 |  1.6
Spellcasting   | 1 |  1.6
Conjurations   | 1 |  1.3
Hexes          | 1 |  1.3
Summonings     | 1 |  1.3
Necromancy     | 1 |  1.3
Translocations | 1 |  1.3
Transmutations | 1 |  1.3
Fire Magic     | 1 |  1.3
Ice Magic      | 1 |  1.3
Air Magic      | 1 |  1.3
Earth Magic    | 1 |  1.3
Poison Magic   | 1 |  1.3
Invocations    | 1 |  1.8
Evocations     | 1 |  1.6
Fighting       | |  6.7
Short Blades   | |  4.8
Dodging        | |  4.8

Action                   |  1- 3 |  4- 6 || total
-------------------------+-------+-------++-------
Melee: Short sword       |    35 |     9 ||    44
       Punch             |     1 |       ||     1
       Bite              |     1 |       ||     1
  Use: Scroll            |     1 |     1 ||     2
 Stab: Sleeping          |     1 |     4 ||     5
Armor: Leather armour    |     5 |     2 ||     7
Dodge: Dodged            |    23 |     4 ||    27

Table legend: (Time is in decaauts)
 A = Elapsed time spent in this place.
 B = Non-inter-level travel time spent in this place.
 C = Inter-level travel time spent in this place.
 D = Time resting spent in this place.
 E = Time spent auto-exploring this place.
 F = Levels seen in this place.
 G = Mean time per level.
                   A        B        C        D        E       F      G
               +--------+--------+--------+--------+--------+-----+--------+
         Total |    469 |    469 |      0 |      0 |    352 |   2 |  234.5 |
       Dungeon |    107 |    107 |      0 |      0 |     30 |   1 |  107.0 |
         Sewer |    361 |    361 |      0 |      0 |    322 |   1 |  361.0 |
               +--------+--------+--------+--------+--------+-----+--------+

Top non-repeatable levels by time:
   Sewer: 361 daAuts
     D:5: 107 daAuts
